[Event "ICC tourney 2380 (15 3)"]
[Site "Internet Chess Club"]
[Date "2021.02.07"]
[Round "2"]
[White "copingmechanism"]
[Black "sujashankar"]
[Result "1-0"]
[ICCResult "Black checkmated"]
[WhiteElo "2064"]
[BlackElo "1749"]
[Opening "Sicilian: closed, 2...Nc6"]
[ECO "B23"]
[NIC "SI.44"]
[Time "12:15:58"]
[PlyCount "109"]
[TimeControl "900+3"]

1. e4 c5 2. Nc3 Nc6 3. Bb5 g6 4. Bxc6 bxc6 5. d3 Bg7 6. f4 e6 7. Nf3 Ne7 8.
O-O O-O 9. Qe1 d5 10. Na4 c4 11. d4 dxe4 12. Qxe4 Nd5 13. Ne5 Qc7 14. c3
Bb7 15. Nc5 Rad8 16. Nxc4 Qc8 17. Ne5 Ba6 18. Rf3 Rfe8 19. Bd2 Bf8 20. Rh3
Bxc5 21. dxc5 Ne7 22. Be1 f5 23. Qf3 Rd5 24. b4 Red8 25. c4 Rd4 26. Bc3
Rxc4 27. Nxc4 Bxc4 28. Be5 Rd3 29. Qf2 Rxh3 30. gxh3 Nd5 31. Qd4 Ba6 32. h4
Qd8 33. Bh8 Qe7 34. h5 Nxf4 35. Qxf4 Kxh8 36. hxg6 hxg6 37. Qh6+ Kg8 38.
Qxg6+ Kf8 39. Rd1 Bc4 40. Rd6 Bd5 41. Qh6+ Kg8 42. Kf2 a6 43. h4 Bxa2 44.
Rxc6 Qb7 45. Rd6 Qc7 46. Qg6+ Kf8 47. Qf6+ Ke8 48. Qh8+ Kf7 49. Qh7+ Kf6
50. Qxc7 Ke5 51. Rxa6+ Kf6 52. Rxa2 f4 53. Qxf4+ Kg7 54. Ra7+ Kg6 55. Qg5#
{ Black checkmated } 1-0

[Event "ICC tourney 2380 (15 3)"]
[Site "Internet Chess Club"]
[Date "2021.02.07"]
[Round "2"]
[White "clair"]
[Black "VincentT2008"]
[Result "1/2-1/2"]
[ICCResult "Game drawn by mutual agreement"]
[WhiteElo "1718"]
[BlackElo "1861"]
[Opening "Queen's pawn: London system"]
[ECO "A45"]
[NIC "QP.07"]
[Time "12:16:04"]
[PlyCount "77"]
[TimeControl "900+3"]

1. d4 Nf6 2. Bf4 g6 3. Nc3 Bg7 4. e4 d6 5. Qd2 h6 6. O-O-O g5 7. Be3 Ng4 8.
Kb1 Nxe3 9. Qxe3 Nc6 10. Bb5 Bd7 11. Nge2 e6 12. h4 gxh4 13. Rh2 Ne7 14.
Bxd7+ Qxd7 15. Rxh4 Ng6 16. Rh3 O-O-O 17. f4 Kb8 18. Ng3 Rh7 19. Nh5 Bh8
20. Rhh1 Qe7 21. e5 d5 22. g4 f6 23. f5 Nf8 24. exf6 Bxf6 25. Nxf6 Qxf6 26.
Rdf1 a6 27. a3 exf5 28. Rxf5 Qc6 29. Rfh5 Rg7 30. Rxh6 Qd7 31. g5 Re8 32.
Qf4 Ne6 33. Qf6 Rxg5 34. Rh8 Rxh8 35. Rxh8+ Ka7 36. Rh6 Rg1+ 37. Ka2 Re1
38. Qf5 c6 39. Rf6 { Game drawn by mutual agreement } 1/2-1/2

[Event "ICC tourney 2380 (15 3)"]
[Site "Internet Chess Club"]
[Date "2021.02.07"]
[Round "2"]
[White "mzninja66"]
[Black "smilingfloor"]
[Result "1-0"]
[ICCResult "Black resigns"]
[WhiteElo "2184"]
[BlackElo "1947"]
[Opening "Sicilian: Boleslavsky variation, 7.Nb3"]
[ECO "B59"]
[NIC "SI.25"]
[Time "12:16:02"]
[PlyCount "105"]
[TimeControl "900+3"]

1. e4 c5 2. Nf3 d6 3. d4 cxd4 4. Nxd4 Nf6 5. Nc3 Nc6 6. Be2 e5 7. Nb3 Be7
8. O-O Be6 9. Bg5 O-O 10. Bxf6 Bxf6 11. Nd5 Bxd5 12. Qxd5 Qc7 13. c3 Rad8
14. Rad1 Ne7 15. Qc4 Qd7 16. Bf3 Ng6 17. g3 Rc8 18. Qe2 Qc7 19. Bg4 Rcd8
20. Rd3 Rfe8 21. Rfd1 Qb6 22. Qd2 Be7 23. Rd5 Nf8 24. Na5 Qc7 25. b3 Nd7
26. Bxd7 Rxd7 27. Nc4 Rdd8 28. h4 h6 29. Ne3 Bf8 30. c4 b6 31. Ng4 Rc8 32.
Ne3 Rcd8 33. Rd3 Qc6 34. Nd5 Qd7 35. Kg2 f5 36. exf5 e4 37. Re3 Qxf5 38.
Rde1 Re5 39. Qd4 Rde8 40. a4 Kh8 41. a5 bxa5 42. Qxa7 Rxd5 43. cxd5 Qxd5
44. Ra1 Qe6 45. Rxa5 d5 46. Qd4 Rd8 47. f3 exf3+ 48. Kxf3 Qh3 49. Ra2 Bd6
50. Rf2 Qxg3+ 51. Ke2 Ra8 52. Rxg3 Bxg3 53. Rg2 { Black resigns } 1-0

[Event "ICC tourney 2380 (15 3)"]
[Site "Internet Chess Club"]
[Date "2021.02.07"]
[Round "3"]
[White "pjelke"]
[Black "harkerchess"]
[Result "0-1"]
[ICCResult "White checkmated"]
[WhiteElo "103"]
[BlackElo "1934"]
[Opening "Ruy Lopez: exchange variation"]
[ECO "C68"]
[NIC "RL.08"]
[Time "14:00:48"]
[PlyCount "46"]
[TimeControl "900+3"]

1. e4 e5 2. Nf3 Nc6 3. Bb5 a6 4. Bxc6 dxc6 5. d3 Bd6 6. O-O Bg4 7. Be3 Qd7
8. Nbd2 O-O-O 9. h3 Bh5 10. Qe1 h6 11. d4 exd4 12. Bxd4 f6 13. e5 fxe5 14.
Nxe5 Bxe5 15. Bxe5 Qxd2 16. Rd1 Bxd1 17. Qe4 Bxc2 18. Qg4+ Qd7 19. Qh5 Qf5
20. Qe2 Bd3 21. Qe3 Bxf1 22. Kxf1 Qd3+ 23. Ke1 Qd1# { White checkmated }
0-1

[Event "ICC tourney 2380 (15 3)"]
[Site "Internet Chess Club"]
[Date "2021.02.07"]
[Round "3"]
[White "Kolten112358"]
[Black "BreatheChessAls"]
[Result "0-1"]
[ICCResult "White resigns"]
[WhiteElo "1215"]
[BlackElo "1941"]
[Opening "Queen's pawn game"]
[ECO "D00"]
[NIC "QP.08"]
[Time "14:00:34"]
[PlyCount "82"]
[TimeControl "900+3"]

1. d4 d5 2. c3 c6 3. c4 Nf6 4. Nc3 dxc4 5. e3 Bf5 6. Bxc4 e6 7. Nf3 Nbd7 8.
O-O Bd6 9. Re1 Ne4 10. Bd3 Nxc3 11. bxc3 Nf6 12. e4 Bxh2+ 13. Nxh2 Bg6 14.
e5 Nd5 15. c4 Nb4 16. Bxg6 hxg6 17. Ba3 Qh4 18. Bxb4 Qxh2+ 19. Kf1 Qh1+ 20.
Ke2 Qxg2 21. Rg1 Qe4+ 22. Kf1 O-O-O 23. Bc3 Rh1 24. Rxh1 Qxh1+ 25. Ke2 Qe4+
26. Kd2 c5 27. Qe2 Qf5 28. Qe3 Qg4 29. Ke1 cxd4 30. f3 Qh4+ 31. Qf2 Qxf2+
32. Kxf2 dxc3 33. Rc1 Rd2+ 34. Ke3 Rxa2 35. Rxc3 a5 36. c5 Kc7 37. Kd4 Ra4+
38. Ke3 Rb4 39. f4 a4 40. Kf3 Rb3 41. Rxb3 axb3 { White resigns } 0-1

[Event "ICC tourney 2380 (15 3)"]
[Site "Internet Chess Club"]
[Date "2021.02.07"]
[Round "3"]
[White "Aaronraj"]
[Black "Alien5"]
[Result "0-1"]
[ICCResult "White checkmated"]
[WhiteElo "419"]
[BlackElo "428"]
[Opening "Sicilian"]
[ECO "B50"]
[NIC "SI.01"]
[Time "14:01:30"]
[PlyCount "80"]
[TimeControl "900+3"]

1. e4 c5 2. Nf3 d6 3. Bc4 e6 4. d3 Nc6 5. Bg5 Be7 6. Bxe7 Ngxe7 7. Nc3 O-O
8. Qd2 b6 9. Bb5 Bb7 10. Bxc6 Bxc6 11. O-O-O d5 12. exd5 exd5 13. Ne5 d4
14. Nxc6 dxc3 15. Nxd8 cxd2+ 16. Rxd2 Rfxd8 17. Re1 Nf5 18. Re5 g6 19. g4
Nh6 20. g5 Ng4 21. Re7 Re8 22. Rxe8+ Rxe8 23. b3 Nxh2 24. f3 Nxf3 25. Rf2
Nxg5 26. Rg2 Nf3 27. Kb2 a5 28. Rf2 Ne1 29. Rf1 h5 30. Rf6 h4 31. Rxb6 h3
32. Rf6 h2 33. Rf1 f5 34. Rh1 Nf3 35. a4 Re1 36. Rxe1 Nxe1 37. Ka3 h1=Q 38.
c3 Nc2+ 39. Kb2 Ne3 40. Ka3 Qa1# { White checkmated } 0-1

[Event "ICC tourney 2380 (15 3)"]
[Site "Internet Chess Club"]
[Date "2021.02.07"]
[Round "3"]
[White "fairlawn70"]
[Black "organic"]
[Result "0-1"]
[ICCResult "White checkmated"]
[WhiteElo "963"]
[BlackElo "2098"]
[Opening "Caro-Kann: advance variation"]
[ECO "B12"]
[NIC "CK.04"]
[Time "14:00:38"]
[PlyCount "118"]
[TimeControl "900+3"]

1. e4 c6 2. d4 d5 3. e5 Bf5 4. Bd3 Bxd3 5. Qxd3 e6 6. Nf3 Qa5+ 7. Bd2 Qa6
8. Qxa6 Nxa6 9. a3 c5 10. O-O Ne7 11. dxc5 Nxc5 12. b4 Ne4 13. Nc3 Nxc3 14.
Bxc3 Rc8 15. Bd4 a5 16. c3 a4 17. Rfc1 Kd7 18. g4 h5 19. g5 Nf5 20. Kg2 Be7
21. h4 b5 22. Rg1 Rc4 23. Rad1 g6 24. Kh3 Rhc8 25. Rc1 Nxd4 26. Nxd4 Rxc3+
27. Rxc3 Rxc3+ 28. Rg3 Rxg3+ 29. Kxg3 Bd8 30. Nxb5 Bb6 31. Nc3 Bd4 32. Nxa4
Kc6 33. Kf3 Kb5 34. Nc5 Bxc5 35. bxc5 Kxc5 36. Ke3 Kc4 37. a4 Kb4 38. a5
Kxa5 39. Kd4 Kb4 40. f3 Kb5 41. f4 Kb4 42. Kd3 Kc5 43. Kd2 Kd4 44. Ke2 Ke4
45. f5 Kxf5 46. Ke3 Kxe5 47. Kd3 d4 48. Kd2 Ke4 49. Kd1 Kd3 50. Kc1 Ke2 51.
Kc2 d3+ 52. Kc1 d2+ 53. Kc2 d1=Q+ 54. Kc3 Qd5 55. Kc2 Qc4+ 56. Kb2 Kd2 57.
Ka1 Qb5 58. Ka2 Kc3 59. Ka3 Qa6# { White checkmated } 0-1

[Event "ICC tourney 2380 (15 3)"]
[Site "Internet Chess Club"]
[Date "2021.02.07"]
[Round "3"]
[White "anirudha-menon"]
[Black "nuttysac"]
[Result "1-0"]
[ICCResult "Black resigns"]
[WhiteElo "1769"]
[BlackElo "1761"]
[Opening "King's pawn game"]
[ECO "C50"]
[NIC "IG.03"]
[Time "14:00:39"]
[PlyCount "137"]
[TimeControl "900+3"]

1. e4 e5 2. Nf3 Nc6 3. Bc4 f6 4. O-O g6 5. d4 exd4 6. Nxd4 Ne5 7. Bb3 Bg7
8. f4 Nc6 9. e5 Nge7 10. exf6 Bxf6 11. f5 Bxd4+ 12. Kh1 d5 13. f6 Nf5 14.
Bg5 Kf8 15. Nc3 Bxf6 16. Bf4 Be6 17. Bxd5 Bxc3 18. Bxe6 Qxd1 19. Raxd1 Bxb2
20. g4 Nfd4 21. Be5+ Ke7 22. Bxh8 Kxe6 23. Bg7 Rg8 24. Rf6+ Ke7 25. Re1+
Kd8 26. Rf7 Re8 27. Bf6+ Ne7 28. Bxe7+ Kc8 29. Rf8 Rxf8 30. Bxf8 Nc6 31. a3
Kd7 32. Rd1+ Ke6 33. Rd2 Bd4 34. Bh6 Bb6 35. Kg2 Bc5 36. Rd3 Ne5 37. Rg3
Nc4 38. Bc1 b5 39. h4 Kd5 40. h5 Ke4 41. Rf3 Ne5 42. Rf4+ Kd5 43. h6 Bd6
44. g5 a5 45. Bb2 Nc4 46. Rd4+ Ke6 47. Bc1 Ke5 48. Rd3 Kf5 49. Kh3 Ne5 50.
Rb3 b4 51. axb4 axb4 52. Kh4 Ke4 53. c3 bxc3 54. Rxc3 Nf3+ 55. Kh3 Ne5 56.
Rb3 Kf5 57. Rb8 Nf7 58. Kh4 Ke6 59. Bb2 Bf4 60. Bf6 Nd6 61. Kg4 Bh2 62. Rh8
Nf7 63. Rxh7 Ne5+ 64. Kh3 Bf4 65. Re7+ Kf5 66. Rxe5+ Bxe5 67. Bxe5 Kxe5 68.
h7 c5 69. h8=Q+ { Black resigns } 1-0

[Event "ICC tourney 2380 (15 3)"]
[Site "Internet Chess Club"]
[Date "2021.02.07"]
[Round "3"]
[White "clair"]
[Black "vrishabh"]
[Result "1-0"]
[ICCResult "Black resigns"]
[WhiteElo "1718"]
[BlackElo "395"]
[Opening "Queen's pawn: London system"]
[ECO "A45"]
[NIC "QP.07"]
[Time "14:00:58"]
[PlyCount "79"]
[TimeControl "900+3"]

1. d4 Nf6 2. Bf4 d5 3. e3 Nc6 4. Nd2 e6 5. c3 Bd6 6. Bg3 e5 7. dxe5 Bxe5 8.
Bb5 O-O 9. Bxc6 Bxg3 10. hxg3 bxc6 11. Ngf3 Bg4 12. Qc2 h6 13. Ne5 Qc8 14.
Nxc6 Qd7 15. Ne5 Qc8 16. Nxg4 Nxg4 17. O-O Rb8 18. Rab1 g6 19. Nf3 Qf5 20.
Qxf5 gxf5 21. Nd4 c5 22. Nxf5 d4 23. cxd4 cxd4 24. exd4 Kh7 25. Rfd1 Rfd8
26. b3 Rb5 27. Ne3 Nf6 28. Rbc1 h5 29. Rc7 Rd7 30. Rxd7 Nxd7 31. Nc4 Rd5
32. f3 Kg6 33. Kf2 f5 34. Rd2 Kg5 35. f4+ Kf6 36. Ne5 Nxe5 37. fxe5+ Ke6
38. Ke3 a5 39. Kf4 a4 40. bxa4 { Black resigns } 1-0

[Event "ICC tourney 2380 (15 3)"]
[Site "Internet Chess Club"]
[Date "2021.02.07"]
[Round "3"]
[White "sujashankar"]
[Black "allorantPNW"]
[Result "1-0"]
[ICCResult "Black resigns"]
[WhiteElo "1749"]
[BlackElo "1957"]
[Opening "Sicilian: Hungarian variation"]
[ECO "B27"]
[NIC "SI.43"]
[Time "14:00:36"]
[PlyCount "79"]
[TimeControl "900+3"]

1. e4 c5 2. Nf3 g6 3. c3 Bg7 4. d4 cxd4 5. cxd4 d5 6. e5 Nc6 7. Nc3 Nh6 8.
Bd3 Nf5 9. Bc2 h5 10. Bf4 O-O 11. O-O Be6 12. Re1 Qd7 13. Rc1 f6 14. exf6
exf6 15. Ba4 g5 16. Be3 g4 17. Nd2 Nxe3 18. fxe3 f5 19. Nb3 b6 20. Ne2 Rac8
21. Nf4 Bf7 22. Rc3 Qd6 23. Qd2 a6 24. Bxc6 Rxc6 25. Rxc6 Qxc6 26. Qd3 Qc8
27. Rc1 Qe8 28. Re1 a5 29. Qxf5 a4 30. Nd2 Bxd4 31. Qg5+ Bg7 32. Nxd5 Bxd5
33. Qxd5+ Qf7 34. Qxf7+ Rxf7 35. b3 Bc3 36. Re2 a3 37. Nc4 Bb4 38. Nxb6 Bc5
39. Nd5 Rd7 40. Nf6+ { Black resigns } 1-0

[Event "ICC tourney 2380 (15 3)"]
[Site "Internet Chess Club"]
[Date "2021.02.07"]
[Round "3"]
[White "DukeArundell"]
[Black "Slothychess"]
[Result "1-0"]
[ICCResult "Black forfeits on time"]
[WhiteElo "1885"]
[BlackElo "2048"]
[Opening "Sicilian: closed"]
[ECO "B23"]
[NIC "SI.44"]
[Time "14:00:47"]
[PlyCount "95"]
[TimeControl "900+3"]

1. Nc3 c5 2. e4 d6 3. f4 g6 4. d4 cxd4 5. Qxd4 Nf6 6. e5 Nc6 7. Bb5 dxe5 8.
Qxd8+ Kxd8 9. Bxc6 bxc6 10. fxe5 Ng4 11. Bf4 Bg7 12. O-O-O+ Ke8 13. Nh3
Bxe5 14. Bxe5 Nxe5 15. Nf4 f6 16. Rhe1 Kf7 17. Rd4 Bf5 18. Red1 h5 19. h3
g5 20. Nfe2 h4 21. Ne4 g4 22. Rf1 gxh3 23. gxh3 Bxe4 24. Rxe4 Ng6 25. Rc4
Rac8 26. Rc5 Rhd8 27. c3 Rd5 28. Rc4 Rg5 29. Rd1 c5 30. a3 Rg2 31. Nf4 Nxf4
32. Rxf4 Rb8 33. b4 Rg3 34. Rxh4 Rxc3+ 35. Kb2 cxb4 36. axb4 Rg3 37. Rd7 a5
38. Rh7+ Kg6 39. Rdxe7 Rxb4+ 40. Kc2 Kf5 41. Rh5+ Rg5 42. Rhh7 Kf4 43. Re6
f5 44. Ra6 Rb5 45. Rc6 Rg2+ 46. Kc3 Rg3+ 47. Kc2 Rbb3 48. Rc4+ { Black
forfeits on time } 1-0

[Event "ICC tourney 2380 (15 3)"]
[Site "Internet Chess Club"]
[Date "2021.02.07"]
[Round "3"]
[White "ebowen31"]
[Black "MrNormalName"]
[Result "0-1"]
[ICCResult "White forfeits on time"]
[WhiteElo "2135"]
[BlackElo "2189"]
[Opening "Scotch game"]
[ECO "C45"]
[NIC "SO.05"]
[Time "14:01:30"]
[PlyCount "62"]
[TimeControl "900+3"]

1. e4 e5 2. Nf3 Nc6 3. d4 exd4 4. Nxd4 Bc5 5. Be3 Qf6 6. c3 Nge7 7. Bc4 Ne5
8. Be2 d5 9. Nd2 O-O 10. O-O Bb6 11. Kh1 dxe4 12. Nxe4 Qg6 13. f3 f5 14.
Nd2 f4 15. Bf2 Bf5 16. Nc4 Nxc4 17. Bxc4+ Kh8 18. Qb3 Rad8 19. Rae1 Qg5 20.
Re2 Bc8 21. Rfe1 Bxd4 22. Bxd4 Nf5 23. Re5 Qh4 24. Bc5 Nd6 25. Bxd6 Rxd6
26. Qc2 Rh6 27. Kg1 Qxh2+ 28. Kf2 Qg3+ 29. Kg1 Qh2+ 30. Kf2 Bh3 31. Bf1 Rg6
{ White forfeits on time } 0-1

[Event "ICC tourney 2380 (15 3)"]
[Site "Internet Chess Club"]
[Date "2021.02.07"]
[Round "3"]
[White "Goran21"]
[Black "mzninja66"]
[Result "1-0"]
[ICCResult "Black forfeits on time"]
[WhiteElo "2190"]
[BlackElo "2184"]
[Opening "Sicilian"]
[ECO "B50"]
[NIC "SI.01"]
[Time "14:00:37"]
[PlyCount "157"]
[TimeControl "900+3"]

1. e4 c5 2. Nf3 d6 3. c3 Nf6 4. Be2 b6 5. Qc2 Bb7 6. d3 Nbd7 7. Nbd2 e6 8.
O-O Qc7 9. Re1 Be7 10. Bf1 O-O 11. a4 a6 12. g3 b5 13. a5 Nb8 14. e5 dxe5
15. Nxe5 Nc6 16. Ndf3 Nxa5 17. Bf4 Qb6 18. Bh3 Nc6 19. Bg5 Nxe5 20. Nxe5
Kh8 21. f3 Rad8 22. Re2 h6 23. Bf4 Nd5 24. Bd2 Bd6 25. Rae1 Nf6 26. Qc1 Ng8
27. Bf1 Bxe5 28. Rxe5 Bxf3 29. Be3 Rd5 30. Rxd5 Bxd5 31. b4 Rc8 32. Bxc5
Qb7 33. Bh3 Nf6 34. Bd4 Qe7 35. Re5 Kh7 36. Bf5+ g6 37. Bh3 Nd7 38. Re1 f5
39. Qf4 Qf7 40. Qd6 Rc6 41. Qf4 g5 42. Qd2 Nf6 43. Bc5 Kg6 44. Qf2 Nd7 45.
Bd4 g4 46. Bf1 Bf3 47. Qe3 Qe7 48. h4 Qd6 49. Kf2 Qd5 50. c4 bxc4 51. dxc4
Qd6 52. Be2 Bxe2 53. h5+ Kh7 54. c5 Qd5 55. Rxe2 e5 56. Bxe5 Re6 57. Rd2
Qb7 58. Rd6 Rxd6 59. Bxd6 Nf6 60. c6 Qf7 61. c7 Ne4+ 62. Kg1 Nxd6 63. Qb6
Nc8 64. Qxa6 Qd7 65. Qg6+ Kh8 66. Qxh6+ Kg8 67. Qg6+ Kh8 68. Qf6+ Kh7 69.
Qd8 Qe6 70. Kf2 Kg7 71. b5 Kh7 72. Qd4 Qa2+ 73. Ke3 Qb3+ 74. Kf4 Qf3+ 75.
Kg5 Qb7 76. Qd7+ Kh8 77. Qe8+ Kh7 78. Qf7+ Kh8 79. h6 { Black forfeits on
time } 1-0

[Event "ICC tourney 2380 (15 3)"]
[Site "Internet Chess Club"]
[Date "2021.02.07"]
[Round "3"]
[White "smilingfloor"]
[Black "Roger436"]
[Result "0-1"]
[ICCResult "White checkmated"]
[WhiteElo "1947"]
[BlackElo "1751"]
[Opening "Sicilian: accelerated fianchetto, modern variation with Bc4"]
[ECO "B35"]
[NIC "SI.33"]
[Time "14:00:35"]
[PlyCount "104"]
[TimeControl "900+3"]

1. e4 c5 2. Nf3 Nc6 3. d4 cxd4 4. Nxd4 g6 5. Nc3 Bg7 6. Be3 Nf6 7. Bc4 Qa5
8. f3 Qb4 9. Bb3 Nxe4 10. fxe4 Bxd4 11. Bxd4 Qxd4 12. Rf1 Qe3+ 13. Qe2
Qxe2+ 14. Nxe2 O-O 15. O-O-O d6 16. Nf4 Bg4 17. Rd2 Rac8 18. h3 Bd7 19. c3
Na5 20. Bc2 Nc4 21. Re2 Bb5 22. Bd3 a6 23. Nd5 Rfe8 24. Rf4 Ne5 25. Bxb5
axb5 26. Kc2 Kg7 27. Ref2 e6 28. Ne3 Re7 29. Rf1 b4 30. Nd1 bxc3 31. Nxc3
Nc4 32. R4f3 Rec7 33. Kc1 Ne5 34. Re3 b5 35. Kb1 b4 36. Nb5 Rc2 37. Nxd6
R8c6 38. Ne8+ Kf8 39. Nf6 Nc4 40. Rd3 Rxb2+ 41. Ka1 Rxg2 42. Nxh7+ Kg7 43.
Nf6 Na3 44. Ne8+ Kf8 45. Rd8 Ke7 46. Rfd1 Rcc2 47. R1d7+ Kf8 48. Nd6+ Kg7
49. Rxf7+ Kh6 50. Rh8+ Kg5 51. Rf2 Rg1+ 52. Rf1 Rxf1# { White checkmated }
0-1

[Event "ICC tourney 2380 (15 3)"]
[Site "Internet Chess Club"]
[Date "2021.02.07"]
[Round "3"]
[White "awakeflood"]
[Black "SuperWJ"]
[Result "1-0"]
[ICCResult "Black resigns"]
[WhiteElo "1798"]
[BlackElo "1959"]
[Opening "Sicilian: Najdorf"]
[ECO "B90"]
[NIC "SI.14"]
[Time "14:00:40"]
[PlyCount "75"]
[TimeControl "900+3"]

1. e4 c5 2. Nf3 d6 3. d4 cxd4 4. Nxd4 Nf6 5. Nc3 a6 6. f3 e5 7. Nb3 h5 8.
Be3 Be6 9. Qd2 Nbd7 10. O-O-O Rc8 11. h3 h4 12. f4 b5 13. Bd3 Be7 14. f5
Bc4 15. Rdg1 Qc7 16. g4 d5 17. Nxd5 Bxd5 18. exd5 Nxd5 19. g5 Bc5 20. Bxc5
Nxc5 21. Nxc5 Qxc5 22. f6 O-O 23. fxg7 Kxg7 24. Qe1 Nf4 25. Qe4 Nxd3+ 26.
Qxd3 Rfd8 27. Qe2 Rd6 28. Re1 Rdc6 29. Rh2 Re8 30. Rf2 Rce6 31. Qf3 R8e7
32. Rfe2 Qd4 33. Re4 Qd5 34. Kb1 f5 35. gxf6+ Rxf6 36. Rg4+ Rg6 37. Rxg6+
Kxg6 38. Qxd5 { Black resigns } 1-0

[Event "ICC tourney 2380 (15 3)"]
[Site "Internet Chess Club"]
[Date "2021.02.07"]
[Round "3"]
[White "guineapig25"]
[Black "garfield92037"]
[Result "1-0"]
[ICCResult "Black forfeits on time"]
[WhiteElo "2029"]
[BlackElo "1843"]
[Opening "Sicilian: Pelikan, Chelyabinsk variation"]
[ECO "B33"]
[NIC "SI.37"]
[Time "14:00:36"]
[PlyCount "153"]
[TimeControl "900+3"]

1. e4 c5 2. Nf3 Nc6 3. d4 cxd4 4. Nxd4 Nf6 5. Nc3 e6 6. Ndb5 d6 7. Bf4 e5
8. Bg5 a6 9. Na3 b5 10. Nd5 Be7 11. Bxf6 Bxf6 12. c4 b4 13. Nc2 Rb8 14. b3
O-O 15. Be2 Bg5 16. O-O f5 17. exf5 Bxf5 18. Bg4 Bg6 19. Nce3 Nd4 20. g3 h5
21. Bxh5 Bxh5 22. Qxh5 Nf3+ 23. Kg2 e4 24. Rad1 Qd7 25. Qg4 Qe8 26. h4 Bxe3
27. Nxe3 Rb6 28. Nd5 Rb7 29. Ne3 Rbf7 30. Rxd6 Qe5 31. Rd5 Qb2 32. Nf5 Ne5
33. Nh6+ Kh7 34. Qxe4+ Kxh6 35. Qe3+ Kh7 36. Rxe5 Qxa2 37. Qd3+ Kg8 38. Re2
Qa5 39. f4 Rd8 40. Qe4 Qa3 41. Rf3 Qa1 42. Rfe3 Qd1 43. h5 Rf6 44. c5 Rd4
45. Qe8+ Kh7 46. Qe5 Kg8 47. c6 Rd2 48. Rxd2 Qxd2+ 49. Re2 Qd3 50. Qe8+ Kh7
51. Qe4+ Qxe4+ 52. Rxe4 Rxc6 53. Rxb4 a5 54. Rb5 Rc3 55. Kh3 Kh6 56. Kh4
Rf3 57. Rb6+ Kh7 58. Kg4 Rc3 59. Rb5 Kh6 60. Rxa5 Rxb3 61. Ra6+ Kh7 62. Kh4
Rf3 63. Ra4 Kh6 64. g4 Rf1 65. Ra6+ Kh7 66. Kg5 Rf2 67. f5 Rb2 68. Ra7 Rb6
69. Rf7 Kg8 70. Re7 Kh7 71. Re6 Rb5 72. h6 gxh6+ 73. Rxh6+ Kg7 74. Ra6 Rb1
75. Ra7+ Kh8 76. Kg6 Rb6+ 77. f6 { Black forfeits on time } 1-0

[Event "ICC tourney 2380 (15 3)"]
[Site "Internet Chess Club"]
[Date "2021.02.07"]
[Round "3"]
[White "hpawnbomb"]
[Black "copingmechanism"]
[Result "1-0"]
[ICCResult "Black forfeits on time"]
[WhiteElo "2188"]
[BlackElo "2064"]
[Opening "Sicilian: Hungarian variation"]
[ECO "B27"]
[NIC "SI.43"]
[Time "14:00:39"]
[PlyCount "105"]
[TimeControl "900+3"]

1. e4 c5 2. Nf3 g6 3. c3 Bg7 4. d4 cxd4 5. cxd4 d5 6. e5 Bg4 7. h3 Bxf3 8.
Qxf3 Nc6 9. Bb5 Rc8 10. Nc3 e6 11. O-O Qb6 12. Bxc6+ Rxc6 13. Rd1 Ne7 14.
Rb1 Nf5 15. Qd3 Rc4 16. Ne2 h5 17. b3 Rc6 18. Ba3 Qa6 19. Bc5 Qxd3 20. Rxd3
b6 21. Ba3 Kd7 22. Nc3 Nxd4 23. Nxd5 exd5 24. Rxd4 Ke6 25. Rbd1 Rd8 26. f4
g5 27. g3 h4 28. gxh4 gxf4 29. Rxf4 Bxe5 30. Re1 Rc2 31. Rf2 Rxf2 32. Kxf2
Rc8 33. Re2 Rh8 34. Be7 f6 35. Ba3 Rxh4 36. Kg2 d4 37. Bc1 d3 38. Re3 Rd4
39. Bd2 Kf5 40. Rf3+ Bf4 41. Bxf4 Rxf4 42. Rxd3 Ke6 43. Kg3 Rf1 44. h4 f5
45. Rf3 Rg1+ 46. Kh2 Rg7 47. Rh3 f4 48. h5 Kf5 49. h6 Rh7 50. Kg2 Kg5 51.
Kf3 Kf5 52. Rh4 Kg5 53. Rg4+ { Black forfeits on time } 1-0

[Event "ICC tourney 2380 (15 3)"]
[Site "Internet Chess Club"]
[Date "2021.02.07"]
[Round "4"]
[White "nuttysac"]
[Black "Aaronraj"]
[Result "1-0"]
[ICCResult "Black checkmated"]
[WhiteElo "1761"]
[BlackElo "419"]
[Opening "Vienna gambit"]
[ECO "C25"]
[NIC "VG.04"]
[Time "15:17:41"]
[PlyCount "53"]
[TimeControl "900+3"]

1. Nc3 e5 2. e4 Nc6 3. f4 exf4 4. Nf3 Bb4 5. d4 Bxc3+ 6. bxc3 Nf6 7. e5 Ne4
8. Bxf4 Nxc3 9. Qd3 Nd5 10. Bg3 Kf8 11. c4 Ndb4 12. Qc3 d6 13. a3 Na6 14.
exd6 cxd6 15. Be2 Bg4 16. O-O Bxf3 17. Bxf3 Nc7 18. Rf2 Qf6 19. Bxc6 Qe6
20. Bxb7 Re8 21. Raf1 Rb8 22. Rxf7+ Kg8 23. Qf3 h6 24. Be4 g6 25. Rf8+ Kg7
26. Qf7+ Qxf7 27. R1xf7# { Black checkmated } 1-0

[Event "ICC tourney 2380 (15 3)"]
[Site "Internet Chess Club"]
[Date "2021.02.07"]
[Round "4"]
[White "vrishabh"]
[Black "Kolten112358"]
[Result "0-1"]
[ICCResult "White resigns"]
[WhiteElo "395"]
[BlackElo "1215"]
[Opening "Caro-Kann: two knights, 3...Bg4"]
[ECO "B10"]
[NIC "CK.01"]
[Time "15:17:20"]
[PlyCount "40"]
[TimeControl "900+3"]

1. e4 c6 2. Nf3 d5 3. Nc3 Bg4 4. h3 Bxf3 5. Qxf3 e6 6. exd5 cxd5 7. Bb5+
Nd7 8. O-O a6 9. Bd3 Ngf6 10. b3 b5 11. b4 Bxb4 12. Be2 O-O 13. d4 Rc8 14.
Bd2 Qa5 15. Qg3 Bxc3 16. Bh6 g6 17. Bxf8 Bxa1 18. Rxa1 Rxf8 19. h4 Ne4 20.
Qd6 Nxd6 { White resigns } 0-1

[Event "ICC tourney 2380 (15 3)"]
[Site "Internet Chess Club"]
[Date "2021.02.07"]
[Round "4"]
[White "allorantPNW"]
[Black "anirudha-menon"]
[Result "1-0"]
[ICCResult "Black resigns"]
[WhiteElo "1957"]
[BlackElo "1769"]
[Opening "Queen's pawn: London system"]
[ECO "A45"]
[NIC "QP.07"]
[Time "15:17:22"]
[PlyCount "95"]
[TimeControl "900+3"]

1. d4 Nf6 2. Bf4 Nd5 3. Bg3 e6 4. e4 Nf6 5. e5 Ng8 6. Nf3 d5 7. Nbd2 Be7 8.
Bd3 Nh6 9. c3 c5 10. Qe2 Nc6 11. a3 c4 12. Bb1 Qc7 13. Nf1 Bd7 14. Ne3 Na5
15. Nd2 Ba4 16. f4 g6 17. O-O Nf5 18. Nxf5 gxf5 19. Qh5 O-O-O 20. Qxf7 Qd7
21. Nf3 Rdf8 22. Qh5 Qc7 23. Bh4 Be8 24. Qh6 Bxh4 25. Qxh4 h6 26. Bc2 Qb6
27. Rab1 Nb3 28. Qe7 Bd7 29. Qb4 Qxb4 30. axb4 Kc7 31. Bxb3 cxb3 32. Ra1 a6
33. Nd2 Bb5 34. Rf3 Bc4 35. Nxc4 dxc4 36. Ra5 Kb6 37. Rc5 Rc8 38. Rg3 Rxc5
39. bxc5+ Kc6 40. Rg7 Re8 41. Kf2 a5 42. Ke2 a4 43. Kd2 Ra8 44. Re7 Kd5 45.
Rxb7 a3 46. bxa3 Rxa3 47. Ke3 Ra2 48. Rb6 { Black resigns } 1-0

[Event "ICC tourney 2380 (15 3)"]
[Site "Internet Chess Club"]
[Date "2021.02.07"]
[Round "4"]
[White "sujashankar"]
[Black "guineapig25"]
[Result "0-1"]
[ICCResult "White checkmated"]
[WhiteElo "1749"]
[BlackElo "2029"]
[Opening "Sicilian"]
[ECO "B50"]
[NIC "SI.01"]
[Time "15:17:21"]
[PlyCount "100"]
[TimeControl "900+3"]

1. e4 c5 2. Nf3 d6 3. c3 Nf6 4. h3 g6 5. Bd3 Bg7 6. Bc2 O-O 7. O-O e5 8. d4
Nbd7 9. Bg5 h6 10. Be3 Qc7 11. Nbd2 a6 12. Qe2 cxd4 13. cxd4 Qxc2 14. dxe5
dxe5 15. b3 Qc6 16. Rac1 Qe6 17. Rfd1 b5 18. Rc2 Bb7 19. Rc7 Rfb8 20. Rdc1
Rc8 21. Qd3 Rxc7 22. Rxc7 Bc8 23. Qc2 Qe8 24. Ba7 Qd8 25. Qc6 Ne8 26. Qxa8
Qxc7 27. Be3 Qb7 28. Qxb7 Bxb7 29. Kf1 Nef6 30. Ke2 Nxe4 31. Nxe4 Bxe4 32.
Bd2 Kf8 33. Ke3 Bxf3 34. Kxf3 Ke7 35. Ke4 Ke6 36. Be3 f5+ 37. Kd3 e4+ 38.
Kc2 Kd5 39. Bd2 h5 40. Bc3 Bxc3 41. Kxc3 Ne5 42. Kd2 Nd3 43. f3 Kd4 44.
fxe4 fxe4 45. g4 hxg4 46. hxg4 e3+ 47. Ke2 Nf4+ 48. Ke1 e2 49. a4 Ke3 50.
a5 Ng2# { White checkmated } 0-1